 Dungeon Crawl Stone Soup version 0.31-a0-210-gccc998df9b (webtiles) character file.

Game seed: 18021714537989545006

618 Smol the Trooper (level 7, 0/49 HPs)
             Began as an Octopode Fighter on July 1, 2023.
             Slain by a yak (14 damage)
             ... on level 6 of the Dungeon.
             The game lasted 00:08:41 (3680 turns).

Smol the Trooper (Octopode Fighter)                 Turns: 3680, Time: 00:08:42

Health: 0/49       AC:  1    Str: 16    XL:     7   Next: 45%
Magic:  16/16      EV: 14    Int: 10    God:
Gold:   216        SH:  5    Dex: 13    Spells: 6/6 levels left

rFire   . .          .
                       - Unarmed
rCold   . . .        a - +0 buckler
rNeg    + . .        (helmet restricted)
rPois   .            w - amulet of magic regeneration
rElec   .            o - ring of magical power
rCorr   .            x - ring of positive energy
SInv    .            (no ring)
Will    .....        (no ring)
Stlth   ++           (no ring)
HPRegen 0.28/turn    (no ring)
MPRegen 0.55/turn    (no ring)
                     (no ring)

%: no passive effects
@: no status effects
A: almost no armour, amphibious, 8 rings, camouflage 1, gelatinous body 1,
(nimble swimmer 1), tentacles
a: no special abilities


You were on level 6 of the Dungeon.
You visited 1 branch of the dungeon, and saw 5 of its levels.

You collected 216 gold pieces.

Inventory:

Armour
 a - a +0 buckler (worn)
Jewellery
 o - a ring of magical power (left tentacle)
 s - a ring of fire
 w - an amulet of magic regeneration (around mantle)
 x - a ring of positive energy (right tentacle)
Wands
 r - a wand of roots (10)
Scrolls
 c - 2 scrolls of noise
 e - a scroll of butterflies {unknown}
 k - a scroll of revelation {unknown}
 m - 2 scrolls of fear {unknown}
 n - 3 scrolls of poison
 p - a scroll of torment {unknown}
 q - a scroll of enchant weapon {unknown}
 u - a scroll of immolation {unknown}
 v - a scroll of teleportation {unknown}
 y - a scroll of amnesia {unknown}
Potions
 b - a potion of might
 d - 2 potions of attraction
 g - a potion of magic {unknown}
 h - 2 potions of curing
 i - a potion of haste {unknown}
 j - a potion of lignification {unknown}
 l - 2 potions of cancellation
 t - a potion of invisibility {unknown}


   Skills:
 + Level 4.9 Fighting
 + Level 4.9 Dodging
 + Level 4.8 Shields
 + Level 4.2 Unarmed Combat


You had 6 spell levels left.
You didn't know any spells.
Your spell library contained the following spells:

 Spells                   Type           Power      Damage    Failure   Level
 Ignite Poison            Fire/Tmut/Pois 0%         N/A       82%         3
 Sticky Flame             Conj/Fire      0%         2d3       99%         4
 Ignition                 Fire           0%         3d3       100%        8


Dungeon Overview and Level Annotations

Branches:
Dungeon (6/15)
 Temple: D:4-7

Altars:

Shops:
D:1 [

Annotations:
D:6 exclusion: ice beast


Innate Abilities, Weirdness & Mutations

You cannot wear most types of armour.
You are amphibious.
You can wear up to eight rings at the same time.
Your skin changes colour to match your surroundings (Stealth+).
Your rubbery body absorbs attacks. (AC +1, EV +1)
((You are camouflaged when in or above water. (Stealth+)))
You have tentacles for arms and can constrict up to eight enemies at once.


Message History

The yak bellows!
You start waiting.
A yak is nearby!
You tentacle-slap the yak. You squeeze the yak.
The yak is lightly wounded.
The yak gores you!
You barely miss the yak. Your squeeze misses the yak.
The yak is lightly wounded.
The yak barely misses you.
You tentacle-slap the yak but do no damage.
The yak is lightly wounded.
The yak closely misses you.
You barely miss the yak. Your squeeze misses the yak.
The yak is lightly wounded.
You block the yak's attack.
You barely miss the yak.
The yak is lightly wounded.
The yak gores you!
You closely miss the yak. You squeeze the yak.
The yak is moderately wounded.
You block the yak's attack.
The yak bellows!
You tentacle-slap the yak.
The yak is moderately wounded.
The yak gores you!
You tentacle-slap the yak.
The yak is heavily wounded.
The yak barely misses you.
You barely miss the yak.
The yak is heavily wounded.
The yak bellows!
The yak gores you!
You tentacle-slap the yak.
The yak is severely wounded.
The yak gores you!
* * * LOW HITPOINT WARNING * * *
You feel better.
You hear the quick hiss of a distant avalanche of sand.
The yak gores you!
You die...

########## #.[......#
###........#######
#................# ########
#.##@###.........# #......#
#.##Y###.........# . #......#
#.##YY..#####....#...
#......###....Y....##.......#
#......#......#.##.Y...<.##
#....>........................
#......####.#.#........$....#.
#......##..........#........Y.
#......##..........#........#.


You could see 4 yaks.

Vanquished Creatures
  2 ice beasts (D:6)
  A phantom (D:4)
  A scorpion (D:4)
  2 jellies
  2 hounds
  An iguana (D:6)
  3 gnolls
  4 adders
  2 worms
  4 dart slugs
  3 orcs
  8 endoplasms
  4 giant cockroaches
  7 hobgoblins
  5 jackals (D:1)
  5 quokkas
  10 ball pythons
  4 bats
  5 frilled lizards
  4 goblins
  13 kobolds
  4 rats
94 creatures vanquished.

Notes
Turn   | Place    | Note
-------+----------+-------------------------------------------
     0 | D:1      | Smol the Octopode Fighter began the quest for the Orb.
     0 | D:1      | Reached XP level 1. HP: 16/16 MP: 1/1
    64 | D:1      | Reached XP level 2. HP: 19/21 MP: 2/2
    99 | D:1      | Found Qeynenne's Antique Armour Shop.
   308 | D:1      | Reached XP level 3. HP: 11/26 MP: 3/3
  1886 | D:3      | Reached XP level 4. HP: 31/31 MP: 4/4
  2143 | D:3      | Found a faded altar of an unknown god.
  2401 | D:3      | Reached XP level 5. HP: 29/37 MP: 5/5
  2781 | D:4      | Noticed a phantom
  2810 | D:4      | Killed a phantom
  2811 | D:4      | Reached XP level 6. HP: 11/43 MP: 6/6
  3172 | D:4      | You fall into a shaft and drop 2 floors!
  3202 | D:6      | Noticed an ice beast
  3220 | D:6      | Noticed an ice beast
  3238 | D:6      | Killed an ice beast
  3239 | D:6      | Reached XP level 7. HP: 19/49 MP: 7/7
  3645 | D:6      | Noticed a yak
  3647 | D:6      | Noticed a yak
  3654 | D:6      | Noticed a yak
  3654 | D:6      | Noticed a yak
  3680 | D:6      | Slain by a yak

Illustrated notes

Levels and vault maps discovered:
D:1:      onia_arrival_handbag, layout_loops_ring, serial_shops, shop,
          lexackson_kobold_supper
D:2:      layout_loops_corners, minmay_misc_feat_pillars
D:3:      layout_basic, shapermc_ecumenical_altar_notcrosses,
          kennysheep_generic_room_2
D:4:      cheibrodos_helix_gallery, layout_basic, minmay_temple_entry_statues
D:6:      minmay_general_purpose_star, layout_basic, enter_ossuary_1

Skill      XL: |  1  2  3  4  5  6  7 |
---------------+----------------------+-----
Unarmed Combat | 3 4 |  4.2
Fighting       | 4 |  4.9
Dodging        | 4 |  4.9
Shields        | 4 |  4.8

Action                     |  1- 3 |  4- 6 |  7- 9 || total
---------------------------+-------+-------+-------++-------
  Melee: Unarmed           |   126 |   122 |    33 ||   281
         Constrict         |    27 |    29 |     2 ||    58
         Tentacles         |    17 |    26 |     7 ||    50
         Punch             |     7 |     2 |     2 ||    11
    Use: Scroll            |       |       |     5 ||     5
         Potion            |       |       |     1 ||     1
   Stab: Sleeping          |     5 |     6 |     1 ||    12
         Distracted        |     1 |       |       ||     1
 Armour: Skin              |     9 |     2 |     1 ||    12
  Dodge: Dodged            |    64 |    60 |    11 ||   135
  Block: Buckler           |    21 |    26 |     8 ||    55

Table legend: (Time is in decaauts)
 A = Elapsed time spent in this place.
 B = Non-inter-level travel time spent in this place.
 C = Inter-level travel time spent in this place.
 D = Time resting spent in this place.
 E = Time spent auto-exploring this place.
 F = Levels seen in this place.
 G = Mean time per level.
                   A        B        C        D        E       F      G
               +--------+--------+--------+--------+--------+-----+--------+
         Total |   3676 |   3617 |     59 |    625 |   2175 |   5 |  735.2 |
       Dungeon |   3676 |   3617 |     59 |    625 |   2175 |   5 |  735.2 |
               +--------+--------+--------+--------+--------+-----+--------+

Top non-repeatable levels by time:
     D:1: 984 daAuts
     D:3: 925 daAuts
     D:2: 909 daAuts
     D:6: 505 daAuts
     D:4: 352 daAuts
